Map: [ESL] Babylon

Players

PiG - Winner!

  • Race: Zerg Zerg
  • League: Master
  • Spawn Location: 11:00

SeExyDrone

  • Race: Terran Terran
  • Spawn Location: 5:00

VOD

Have the link to the VOD?

Description

Time

  • Played on: April 11, 2023, 7:15 p.m.
  • Length: 14:12
Show
View Real Time Build Order
Export as new Build Order

PiG Zerg - Winner!

Build Orders: Hatch First 

Get SALT Encoding   

  12  0:01  Drone  
  13  0:12  Overlord  
  13  0:17  Drone  
  14  0:30  Drone x2  
  16  0:38  Drone  
  17  0:52  Hatchery  
  17  0:55  Drone  
  17  1:00  Drone  
  18  1:10  Extractor  
  17  1:15  Spawning Pool  
  16  1:19  Drone  
  16  1:22  Drone  
  18  1:30  Drone  
  19  1:42  Drone  
  20  1:50  Overlord  
  20  2:04  Queen x2  
  20  2:05  Zergling x4  
  26  2:12  Drone  
  26  2:15  Metabolic Boost  
  27  2:19  Drone  
  28  2:26  Drone  
  29  2:35  Drone x2  
  31  2:48  Hatchery  
  29  3:00  Queen  
  29  3:01  Overlord  
  29  3:03  Drone x4  
  35  3:16  Overlord  
  35  3:19  Drone x6  
  41  3:20  Drone  
  42  3:53  Zergling x12  
  48  3:56  Overlord  
  48  3:57  Overlord x2  
  48  3:59  Drone  
  49  4:05  Baneling Nest  
  49  4:06  Extractor  
  47  4:10  Queen x2  
  49  4:34  Drone x9  
  49  4:35  Drone x2  
  49  4:36  Overlord x2  
  60  5:10  Drone x13  
  60  5:11  Drone x3  
  72  5:16  Spore Crawler  
  72  5:17  Spore Crawler  
  64  5:33  Drone x2, Spore Crawler  
  64  5:34  Drone x3  
  67  5:53  Drone x12  
  79  6:06  Hatchery  
  79  6:10  Hatchery  
  77  6:12  Hatchery  
  77  6:15  Evolution Chamber  
  77  6:16  Hatchery  
  77  6:17  Evolution Chamber  
  73  6:33  Overlord x7  
  73  6:34  Overlord x2  
  73  6:37  Lair  
  73  7:01  Zerg Melee Weapons Level 1  
  73  7:02  Zerg Ground Armor Level 1  
  73  7:07  Zergling x34  
  73  7:08  Zergling x2  
  91  7:31  Baneling  
  91  7:32  Baneling x5  
  91  7:33  Baneling x2  
  91  7:36  Zergling x20  
  91  7:37  Zergling x24  
  113  7:40  Centrifugal Hooks  
  113  7:56  Zergling x24  
  113  7:58  Overlord  
  125  8:00  Baneling x11  
  125  8:20  Overseer x4  
  125  8:24  Pneumatized Carapace  
  117  8:28  Spine Crawler  
  117  8:30  Spine Crawler  
  117  8:34  Drone x13  
  127  8:35  Drone x8  
  123  8:44  Drone x9  
  127  8:58  Zergling x38  
  127  9:01  Baneling x10  
  120  9:45  Queen  
  120  9:47  Zergling x56  
  120  9:49  Zerg Melee Weapons Level 2  
  133  10:23  Zergling x48  
  133  10:24  Zergling x4  
  159  10:31  Spore Crawler  
  159  10:33  Baneling x14, Spine Crawler  
  157  10:41  Zergling x18  
  157  10:42  Baneling x2  
  152  10:51  Baneling x2  
  152  10:53  Extractor  
  152  10:54  Extractor  
  129  11:14  Overlord  
  129  11:18  Queen  
  129  11:36  Baneling x12  
  129  11:40  Zergling x50  
  129  11:46  Baneling x3  
  153  11:47  Hatchery  
  153  11:49  Hatchery  
  148  12:02  Spore Crawler  
  148  12:03  Drone x6  
  148  12:04  Drone x8  
  148  12:05  Spore Crawler  
  160  12:10  Spore Crawler  
  160  12:11  Spore Crawler  
  158  12:19  Spore Crawler x2  
  156  12:28  Zergling x32  
  172  12:37  Overseer x3  
  128  13:02  Baneling x19  
  81  13:45  Zergling x38  
Show
View Real Time Build Order
Export as new Build Order

SeExyDrone Terran 

Build Orders: Liberator Opening, Reaper Expand 

Get SALT Encoding   

  12  0:00  SCV  
  13  0:12  SCV  
  14  0:17  Supply Depot  
  14  0:24  SCV  
  15  0:39  SCV  
  15  0:40  Barracks  
  16  0:44  Refinery  
  16  0:51  SCV  
  17  1:03  SCV  
  18  1:15  SCV  
  19  1:27  Orbital Command, Reaper  
  20  1:41  Command Center  
  20  1:51  Supply Depot  
  20  1:54  SCV  
  21  1:59  Marine  
  22  2:06  SCV  
  23  2:14  Factory  
  23  2:18  SCV  
  23  2:21  Barracks Reactor  
  24  2:30  SCV  
  25  2:38  Refinery  
  25  2:42  SCV  
  26  2:54  SCV  
  26  2:55  Orbital Command  
  27  3:00  Starport  
  27  3:06  SCV  
  27  3:08  Hellion x2  
  32  3:18  SCV  
  32  3:19  Supply Depot  
  33  3:23  SCV  
  33  3:25  Barracks Tech Lab  
  34  3:29  Hellion x2  
  34  3:30  SCV  
  39  3:35  SCV  
  39  3:38  Liberator  
  43  3:42  SCV  
  43  3:47  SCV  
  44  3:51  Hellion x2  
  44  3:55  SCV  
  49  3:58  Supply Depot  
  49  3:59  SCV  
  50  4:07  SCV  
  51  4:11  SCV  
  52  4:19  SCV  
  52  4:21  Viking  
  52  4:23  SCV  
  50  4:30  Hellion x2  
  52  4:36  Command Center  
  52  4:37  SCV x2, Supply Depot  
  54  4:39  Stimpack  
  54  4:49  SCV x2  
  56  5:02  Starport Reactor  
  56  5:08  SCV x2  
  56  5:09  Engineering Bay x2, Refinery  
  56  5:11  Barracks  
  56  5:12  Barracks  
  56  5:13  Refinery  
  56  5:20  SCV  
  55  5:24  SCV  
  51  5:32  SCV  
  52  5:36  SCV  
  52  5:38  Supply Depot  
  52  5:40  Medivac x2  
  52  5:41  Marine  
  58  5:44  SCV  
  58  5:48  SCV  
  58  5:49  Factory Reactor  
  57  5:53  Orbital Command  
  57  5:56  SCV  
  57  5:57  Terran Infantry Weapons Level 1, Terran Infantry Armor Level 1  
  58  6:00  SCV  
  59  6:05  Barracks  
  59  6:07  Marine x2  
  59  6:08  Barracks, Marine  
  59  6:09  SCV  
  63  6:13  SCV  
  63  6:14  Armory  
  64  6:26  Marine, Combat Shield  
  64  6:29  Orbital Command  
  64  6:30  Widow Mine  
  64  6:31  Widow Mine, SCV  
  64  6:32  Starport Reactor  
  68  6:40  Marine x2  
  68  6:44  Marine, Supply Depot  
  68  6:46  SCV, Supply Depot  
  72  6:53  Marine x2  
  74  6:54  Widow Mine x2  
  74  6:56  Barracks Reactor x2  
  74  6:59  Marine x2  
  80  7:02  Marine  
  80  7:05  SCV  
  80  7:06  SCV x2  
  84  7:09  Terran Vehicle And Ship Armor Level 1  
  84  7:10  Medivac x2  
  84  7:11  Marine x2  
  90  7:16  Widow Mine x2  
  90  7:17  Marine x2  
  90  7:18  SCV x3  
  90  7:20  Marine  
  100  7:25  Supply Depot  
  100  7:27  Supply Depot  
  100  7:29  Marine x2  
  102  7:30  SCV x3  
  102  7:32  Marine  
  102  7:34  Marine  
  102  7:35  Marine x2  
  109  7:39  Refinery  
  109  7:47  Widow Mine x2, Marine x4  
  109  7:49  SCV, Medivac x2, Supply Depot  
  122  7:53  Supply Depot  
  122  7:59  Marine x3  
  125  8:07  Terran Infantry Weapons Level 2, Command Center, Terran Infantry Armor Level 2  
  125  8:10  Marine x5, Factory  
  128  8:28  Marine x5  
  128  8:30  Widow Mine x2  
  128  8:34  Marauder, Marine x3  
  135  8:45  Marine x2  
  135  8:46  Marine x3  
  135  8:47  Medivac  
  135  8:48  Medivac  
  131  8:52  Marine x3  
  131  8:55  Marauder  
  136  9:00  Refinery  
  136  9:01  Supply Depot  
  136  9:02  Barracks  
  136  9:03  Supply Depot  
  136  9:06  Barracks x2  
  136  9:07  Marine x5  
  136  9:08  Factory Tech Lab  
  141  9:10  Terran Vehicle And Ship Armor Level 2  
  141  9:18  Marine x2, Medivac x2  
  141  9:19  Widow Mine x2  
  147  9:29  Marine x7  
  139  9:36  Marine x2  
  114  9:40  Drilling Claws  
  113  9:47  Marine x2, Supply Depot  
  113  9:49  SCV x3  
  118  10:01  SCV x2  
  118  10:05  Marine  
  118  10:06  Marine, Marauder  
  124  10:07  Widow Mine x3  
  124  10:08  Marine, Medivac  
  129  10:14  Marine x3  
  129  10:19  SCV x3  
  135  10:28  Marauder  
  137  10:29  Widow Mine  
  137  10:31  SCV  
  137  10:32  Marine, Barracks Tech Lab x3  
  140  10:35  Marine x2  
  140  10:39  Marine  
  140  10:55  Marine x9  
  140  10:56  Marine x2  
  139  10:57  Marine  
  139  10:58  Widow Mine  
  139  11:02  SCV x3  
  125  11:13  Marine x8  
  125  11:14  SCV x3  
  136  11:22  Marine x4  
  136  11:24  Refinery  
  140  11:26  Refinery  
  140  11:34  Marine x2  
  140  11:39  Planetary Fortress  
  140  12:01  Supply Depot  
  140  12:22  Marine x4, Medivac x2  
  148  12:27  Supply Depot  
  148  12:38  Widow Mine  
  148  12:44  Marine x2  
  148  12:48  SCV, Marine x2  
  148  12:49  Widow Mine x2, SCV x2, Marauder x2, Marine x4  
  148  12:51  Marine  
  148  12:52  Marine  
  136  13:00  Widow Mine, SCV  
  136  13:01  SCV x2  
  136  13:02  Marine  
  136  13:04  Marine  
  132  13:06  Marine x3  
  132  13:07  Marine x3  
  131  13:13  SCV  
  131  13:17  Marine x3  
  131  13:18  Marauder  
  131  13:19  Widow Mine x2, Command Center  
  141  13:21  Command Center  
Tags
 
Add a new tag
Caveats
  • Supply blocks, unpowered buildings, or Contaminate may cause inaccurate times.
  • Supply counts are checked every 10 seconds.